 Dungeon Crawl Stone Soup version 0.29-a0-234-g0dae59b3db (webtiles) character file.

Game seed: 10672964492281735869

6719 tsouns the Frost Mage (level 10, -22/74 HPs)
             Began as a Demonspawn Ice Elementalist on Mar 3, 2022.
             Was a Believer of Ru.
             Annihilated by Urug
             ... wielding a +2 scimitar of holy wrath
              (23 damage)
             ... on level 10 of the Dungeon.
             The game lasted 00:27:49 (9638 turns).

tsouns the Frost Mage (Demonspawn Ice Elementalist) Turns: 9638, Time: 00:27:50

Health: -22/74     AC: 11    Str:  9    XL:     10   Next: 74%
Magic:  13/19      EV: 16    Int: 20    God:    Ru [**....]
Gold:   481        SH:  0    Dex: 20    Spells: 10/24 levels left

rFire   . . .      SeeInvis .   b - +6 scythe (protect)
rCold   . . .      Faith    .   (shield currently unavailable)
rNeg    . . .      Spirit   .   a - +0 robe
rPois   .          Reflect  .   d - +1 helmet
rElec   .          Harm     .   t - +1 cloak
rCorr   .          Rampage  .   i - +1 pair of gloves
Will    .....                   q - +0 pair of boots
Stlth   ..........              o - amulet of regeneration
HPRegen 1.02/turn               h - +6 ring of dexterity
MPRegen 0.16/turn               r - +4 ring of evasion

@: confused, mighty, freezing walls, hasted, very quick
A: hooves 2, yellow scales 1, no stealth, no fire magic, no hexes magic, no
necromancy magic, missing an eye, condensation shield, low MP 1, evolution 1
a: Renounce Religion


You were on level 10 of the Dungeon.
You worshipped Ru.
Ru was pleased with you.
You visited 1 branch of the dungeon, and saw 10 of its levels.
You also visited: Ossuary.

You collected 481 gold pieces.

Inventory:

Hand Weapons
 b - a +6 scythe of protection (weapon)
 l - a +1 dagger
 m - a +0 dagger of electrocution
 u - a +1 whip of venom
Missiles
 w - 2 throwing nets
Armour
 a - a +0 robe (worn)
 d - a +1 helmet (worn)
 i - a +1 pair of gloves (worn)
 q - a +0 pair of boots (worn)
 t - a +1 cloak (worn)
Jewellery
 h - a +6 ring of dexterity (left hand)
 k - an amulet of the acrobat
 o - an amulet of regeneration (around neck)
 r - a +4 ring of evasion (right hand)
 z - a ring of fire
Wands
 x - a wand of flame (21)
Scrolls
 e - 5 scrolls of teleportation
 f - 4 scrolls of fog
 j - 4 scrolls of blinking
 n - 4 scrolls of amnesia
 s - 2 scrolls of immolation
 y - a scroll of enchant weapon
 B - a scroll of fear {unknown}
Potions
 g - a potion of lignification
 p - a potion of curing {unknown}


   Skills:
 + Level 5.5 Fighting
 - Level 1.1 Short Blades
 + Level 5.8 Polearms
 - Level 1.7 Dodging
 - Level 1.0 Shields
 - Level 0.1 Unarmed Combat
 + Level 7.8 Spellcasting
 + Level 4.8 Conjurations
 + Level 8.7 Ice Magic
 + Level 4.3 Earth Magic


You had 10 spell levels left.
You knew the following spells:

 Your Spells              Type           Power      Damage    Failure   Level
a - Freeze                Ice            100%       1d11      1%          1
b - Frozen Ramparts       Ice            84%        1d10      1%          3
c - Ozocubu's Armour      Ice            42%        N/A       1%          3
d - Hailstorm             Conj/Ice       35%        3d9       5%          4
e - Stone Arrow           Conj/Erth      52%        3d10      3%          3

Your spell library contained the following spells:

 Spells                   Type           Power      Damage    Failure   Level
 Sandblast                Erth           50%        2d12      1%          1
 Passwall                 Tmut/Erth      13%        N/A       5%          2
 Apportation              Tloc           14%        N/A       9%          1
 Swiftness                Air            7%         N/A       26%         3
 Alistair's Intoxication  Tmut/Pois      4%         N/A       94%         5
 Eringya's Noxious Bog    Tmut/Pois      3%         N/A       100%        6
 Ensorcelled Hibernation  Hex/Ice        Unusable   N/A       N/A         2
 Borgnjor's Vile Clutch   Necr/Erth      Unusable   N/A       N/A         5

Dungeon Overview and Level Annotations

Branches:
Dungeon (10/15)            Temple (0/1) D:7         Ossuary (visited)
   Lair: D:8-11         Orc: D:9-12

Altars:
Kikubaaqudgha
Ru

Annotations:
D:10 Urug


Innate Abilities, Weirdness & Mutations

You have hoof-like feet.
You are partially covered in yellow scales. (AC +2)
You cannot be stealthy.
You cannot study or cast Fire magic.
You cannot study or cast Hexes magic.
You cannot study or cast Necromancy magic.
You are missing an eye, making it more difficult to aim.
A meltable shield of frost defends you. (SH +4)
Your magical capacity is low. (-10% MP)
You have hidden genetic potential.


Message History

Your will is overpowered!
You are confused.
You're too confused to cast spells.
Okay, then.
Okay, then.
Urug resists.
The wall freezes Urug.
Urug resists.
The wall freezes Urug.
Your frozen ramparts will break if you move.
Continue?
Okay, then.
Unknown command.
Urug resists.
The wall freezes Urug.
Urug hits you with a +2 scimitar of holy wrath.
You convulse!
Unknown command.
Unknown command.
Urug completely resists.
The wall freezes Urug but does no damage.
Urug zaps a wand.
You easily resist.
Unknown command.
Urug resists.
The wall freezes Urug.
Urug zaps a wand.
Your will is overpowered!
You are more confused.
Unknown command.
Unknown command.
Urug resists.
The wall freezes Urug.
Urug hits you with a +2 scimitar of holy wrath!
You convulse!!
* * * LOW HITPOINT WARNING * * *
Unknown command.
Your frozen ramparts will break if you move.
Continue?
Okay, then.
Urug resists.
The wall freezes Urug.
Urug zaps a wand.
Your will is overpowered!
You are more confused.
Your frozen ramparts will break if you move.
Continue?
Okay, then.
You're too confused to attack without stumbling around!
Unknown command.
Urug resists.
The wall freezes Urug.
Urug hits you with a +2 scimitar of holy wrath!!
* * * LOW HITPOINT WARNING * * *
You convulse!!
You die...

######.# #.#
####.###
#......####
#...........
#..#.#..####
#..#.#..#
#..#o#..#
####....@<>#
#.......##.##..#
#.#####........#
.. #.######.# ##
#.# #.# #.# ..#
###


You could see Urug.

Vanquished Creatures
  A two-headed ogre (D:9)
  Joseph (D:9)
  A hornet (D:9)
  A troll (D:9)
  A shadow (D:8)
  Sigmund (D:2)
  A wyvern (D:9)
  6 yaks
  2 steam dragons
  A water moccasin (D:8)
  A sky beast (D:8)
  An ice beast (D:5)
  4 orc warriors
  An ogre (D:4)
  A black bear (D:5)
  4 centaurs
  2 kobold brigands
  3 elf zombies (Ossuary)
  5 scorpions
  5 bullfrogs
  2 gnoll sergeants
  8 wights
  A killer bee (D:9)
  A howler monkey (D:9)
  A centaur zombie (Ossuary)
  4 orc priests
  3 gnoll shamans
  2 human zombies (Ossuary)
  2 hounds
  A jelly (D:7)
  3 iguanas
  12 orc wizards
  A hound zombie (Ossuary)
  Robin (D:2)
  2 mummies (Ossuary)
  13 gnolls
  7 adders
  A shadow imp (D:7)
  A white imp (D:7)
  4 adder zombies (Ossuary)
  An adder skeleton (D:2)
  A worm (D:2)
  A dart slug (D:5)
  30 orcs
  7 ball pythons
  A bat zombie (D:2)
  9 endoplasms
  6 hobgoblins
  3 jackals (D:2)
  A quokka (D:2)
  A ball python zombie (D:2)
  8 bats
  7 goblins
  4 goblin zombies (Ossuary)
  8 hobgoblin zombies (Ossuary)
  2 jackal zombies (Ossuary)
  20 kobolds
  3 kobold zombies (Ossuary)
  An orc zombie (Ossuary)
  3 quokka zombies (Ossuary)
  3 rats
  3 rat zombies (Ossuary)
236 creatures vanquished.

Vanquished Creatures (others)
  A human (D:5)
  A mummy (Ossuary)
  An adder (D:6)
  An adder zombie (Ossuary)
  8 withered plants
12 creatures vanquished.

Grand Total: 248 creatures vanquished

Notes
Turn   | Place    | Note
-------+----------+-------------------------------------------
     0 | D:1      | tsouns the Demonspawn Ice Elementalist began the quest for
                  | the Orb.
     0 | D:1      | Reached XP level 1. HP: 13/13 MP: 3/3
   491 | D:1      | Gained mutation: A meltable shield of frost defends you.
                  | (SH +4) [demonic ancestry]
   491 | D:1      | Reached XP level 2. HP: 19/19 MP: 3/5
   656 | D:1      | Found a faded altar of an unknown god.
   668 | D:1      | Prayed at the altar of an unknown god.
   668 | D:1      | Became a worshipper of Ru the Awakened
   697 | D:1      | Gained mutation: You cannot study or cast Fire magic. [Ru
                  | sacrifice]
   697 | D:1      | Gained mutation: You cannot study or cast Hexes magic. [Ru
                  | sacrifice]
   697 | D:1      | Gained mutation: You cannot study or cast Necromancy magic.
                  | [Ru sacrifice]
   697 | D:1      | Reached * piety under Ru
   713 | D:2      | Reached skill level 4 in Ice Magic
  1371 | D:2      | Gained mutation: You have large cloven feet. [demonic
                  | ancestry]
  1371 | D:2      | Reached XP level 3. HP: 23/24 MP: 1/6
  1377 | D:2      | Learned a level 3 spell: Frozen Ramparts
  1433 | D:2      | Noticed Sigmund
  1478 | D:2      | Killed Sigmund
  1479 | D:2      | Reached skill level 5 in Ice Magic
  1479 | D:2      | Reached XP level 4. HP: 9/30 MP: 5/9
  1479 | D:2      | Reached XP level 5. HP: 10/35 MP: 5/10
  1625 | D:2      | Noticed Robin
  1659 | D:2      | Killed Robin
  2101 | D:2      | Reached skill level 1 in Short Blades
  3262 | D:2      | Learned a level 3 spell: Ozocubu's Armour
  3281 | D:3      | Reached XP level 6. HP: 24/42 MP: 2/11
  3485 | D:4      | Reached skill level 1 in Polearms
  3676 | D:4      | Learned a level 4 spell: Hailstorm
  3686 | D:4      | Gained mutation: You are missing an eye, making it more
                  | difficult to aim. [Ru sacrifice]
  3686 | D:4      | Reached ** piety under Ru
  3901 | D:4      | Reached skill level 1 in Fighting
  4189 | D:5      | Entered Level 5 of the Dungeon
  4247 | D:5      | Reached skill level 6 in Ice Magic
  4247 | D:5      | Reached XP level 7. HP: 48/48 MP: 8/13
  4413 | D:5      | Found an ancient bone altar of Kikubaaqudgha.
  4414 | D:5      | Noticed a human
  4416 | D:5      | Killed a human
  4827 | D:5      | Reached skill level 5 in Spellcasting
  4918 | D:5      | Reached XP level 8. HP: 46/56 MP: 11/15
  5006 | D:5      | Learned a level 3 spell: Stone Arrow
  5525 | D:6      | Reached skill level 7 in Ice Magic
  5782 | D:6      | Found a sand-covered staircase.
  5804 | D:6      | Reached skill level 1 in Shields
  5809 | Ossuary  | Entered an ossuary
  5941 | Ossuary  | Gained mutation: You cannot be stealthy. [Ru sacrifice]
  6071 | Ossuary  | Reached skill level 1 in Conjurations
  6071 | Ossuary  | Reached skill level 1 in Earth Magic
  6165 | Ossuary  | Gained mutation: You are partially covered in yellow
                  | scales. (AC +2) [demonic ancestry]
  6165 | Ossuary  | Reached XP level 9. HP: 62/62 MP: 18/18
  6219 | D:6      | Gained mutation: Your magical capacity is low. (-10% MP)
                  | [potion of mutation]
  6219 | D:6      | Gained mutation: You have hidden genetic potential. [potion
                  | of mutation]
  6700 | D:7      | Found a staircase to the Ecumenical Temple.
  7695 | D:8      | Reached skill level 8 in Ice Magic
  8095 | D:8      | Reached skill level 5 in Polearms
  8095 | D:8      | Gained mutation: You have hoof-like feet. [demonic
                  | ancestry]
  8095 | D:8      | Reached XP level 10. HP: 73/73 MP: 6/18
  8725 | D:9      | Noticed Joseph
  8739 | D:9      | Killed Joseph
  8858 | D:9      | Noticed a two-headed ogre
  8867 | D:9      | Killed a two-headed ogre
  8868 | D:9      | Reached skill level 5 in Fighting
  9525 | D:10     | Entered Level 10 of the Dungeon
  9543 | D:10     | Noticed Urug
  9638 | D:10     | HP: 1/74 [Urug/+2 scimitar of holy wrath (21)]
  9638 | D:10     | Annihilated by Urug

Illustrated notes

Levels and vault maps discovered:
D:1:      minmay_arrival_diagonal_passages, layout_rooms,
          shapermc_ecumenical_altar_flowoftime, minmay_pentomino_z4
D:2:      layout_loops_corners, serial_undead, serial_undead_c, serial_undead_c,
          serial_undead_e, serial_undead_f, uniq_robin, uniq_sigmund
D:3:      layout_basic
D:4:      layout_cave_pools
D:5:      layout_loops_cross, tgw_kikubaaqudgha, guppyfry_early_orc_mine
D:6:      layout_cave_pools, nicolae_ossuary_entry_ruins
D:7:      layout_basic, minmay_temple_entry_slanted, kennysheep_another_room
D:8:      layout_loops_ring
D:9:      cheibrodos_barr_body, layout_gridville, nicolae_straight_to_the_point,
          uniq_joseph
D:10:     layout_loops_cross, david_lair_shrubbed, enter_bailey_4, uniq_urug,
          uniq_harold, uniq_lodul

Skill      XL: |  1  2  3  4  5  6  7  8  9 10 |
---------------+-------------------------------+-----
Ice Magic      | 4 5 6 7 8 |  8.7
Spellcasting   | 3 4 5 6 7 |  7.8
Short Blades   | 1 |  1.1
Polearms       | 2 3 5 |  5.8
Fighting       | 1 2 4 5 |  5.5
Shields        | 1 |  1.0
Stealth        | 0 |  0.0
Conjurations   | 1 3 4 |  4.8
Earth Magic    | 1 3 4 |  4.3
Dodging        | |  1.7
Unarmed Combat | |  0.1

Action                   |  1- 3 |  4- 6 |  7- 9 | 10-12 || total
-------------------------+-------+-------+-------+-------++-------
Melee: Unarmed           |    15 |       |       |       ||    15
       Dagger            |     7 |       |       |       ||     7
       Kick              |     1 |     6 |    41 |       ||    48
       Scythe            |       |    47 |   292 |    19 ||   358
 Cast: Freeze            |    35 |    33 |    69 |    26 ||   163
       Frozen Ramparts   |       |     6 |    21 |    11 ||    38
       Ozocubu's Armour  |       |     2 |     5 |     3 ||    10
       Stone Arrow       |       |       |     9 |       ||     9
       Hailstorm         |       |       |     5 |     6 ||    11
Invok: Sacrifice Arcana  |     1 |       |       |       ||     1
       Sacrifice an Eye  |       |     1 |       |       ||     1
       Sacrifice Stealth |       |       |     1 |       ||     1
       Reject Sacrifices |       |       |     1 |       ||     1
  Use: Scroll            |     7 |     2 |     6 |     2 ||    17
       Potion            |     2 |       |     7 |     3 ||    12
 Stab: Sleeping          |       |     3 |     5 |       ||     8
       Distracted        |       |     3 |     1 |       ||     4
Armor: Robe              |     6 |    13 |   168 |    17 ||   204
Dodge: Dodged            |    21 |    47 |   306 |    43 ||   417
Block: Other             |     4 |    10 |    67 |     4 ||    85

Table legend: (Time is in decaauts)
 A = Elapsed time spent in this place.
 B = Non-inter-level travel time spent in this place.
 C = Inter-level travel time spent in this place.
 D = Time resting spent in this place.
 E = Time spent auto-exploring this place.
 F = Levels seen in this place.
 G = Mean time per level.
                   A        B        C        D        E       F      G
               +--------+--------+--------+--------+--------+-----+--------+
         Total |   9920 |   9548 |    372 |    161 |   7198 |  11 |  901.8 |
       Dungeon |   9383 |   9011 |    372 |    161 |   7013 |  10 |  938.3 |
       Ossuary |    536 |    536 |      0 |      0 |    185 |   1 |  536.0 |
               +--------+--------+--------+--------+--------+-----+--------+

Top non-repeatable levels by time:
     D:2: 1598 daAuts
     D:5: 1220 daAuts
     D:3: 1204 daAuts
     D:9: 1151 daAuts
     D:8: 987 daAuts
     D:6: 901 daAuts
     D:7: 846 daAuts
     D:4: 723 daAuts
     D:1: 710 daAuts
 Ossuary: 536 daAuts
    D:10: 41 daAuts
